 Dungeon Crawl Stone Soup version 0.21-a0-237-g87df72b (webtiles) character file.

88 sveltemanboy the Sneak (level 4, -10/35 HPs)
             Began as a Demonspawn Monk on Sept 2, 2017.
             Was a Believer of Ashenzari.
             Mangled by a gnoll
             ... wielding a +0 spear
              (11 damage)
             ... on level 2 of the Dungeon.
             The game lasted 00:05:09 (2233 turns).

sveltemanboy the Sneak (Demonspawn Monk)            Turns: 2233, Time: 00:05:09

Health: -10/35     AC:  5    Str: 12    XL:     4   Next: 29%
Magic:  4/4        EV: 13    Int: 11    God:    Ashenzari [**....]
Gold:   105        SH:  0    Dex: 16    Spells: 3/3 levels left

rFire    . . .     SeeInvis .   e - -1 dagger (curse)
rCold    . . .     Gourm    .   (no shield)
rNeg     . . .     Faith    .   b - +0 robe
rPois    .         Spirit   .   (no helmet)
rElec    .         Reflect  .   s - +0 cloak
rCorr    .         Harm     .   h - +1 pair of gloves
MR       +....                  (no boots)
Stlth    +++.......             (no amulet)
HPRegen  0.11/turn              u - ring of protection from magic
MPRegen  0.09/turn              (no ring)

@: no status effects
A: talons 1, demonic guardian 1
a: Curse Item, Scrying, Renounce Religion


You were on level 2 of the Dungeon.
You worshipped Ashenzari.
Ashenzari was pleased with you.
You were not hungry.

You visited 1 branch of the dungeon, and saw 2 of its levels.

You collected 105 gold pieces.

Inventory:

Hand Weapons
 a - a +0 hand axe
 e - a cursed -1 dagger (weapon)
Armour
 b - a +0 robe (worn)
 h - a +1 pair of gloves (worn)
 s - a +0 cloak (worn)
Jewellery
 u - a ring of protection from magic (left hand)
Scrolls
 f - a scroll of enchant weapon {unknown}
 k - 2 scrolls of blinking {unknown}
 l - 2 scrolls of amnesia {unknown}
 m - 2 scrolls of identify {unknown}
 q - a scroll of enchant armour {unknown}
 v - a scroll of immolation {unknown}
Potions
 g - 2 potions of lignification {unknown}
 i - a potion of invisibility {unknown}
 j - a potion of berserk rage {unknown}
 n - a potion of cancellation {unknown}
 o - 2 potions of brilliance {unknown}
 t - a potion of curing {unknown}
Comestibles
 c - 3 bread rations
 d - a meat ration
 p - a chunk of flesh
 r - 2 fruits


   Skills:
 - Level 3.0 Fighting
 + Level 1.3(2.8) Short Blades
 - Level 2.9 Axes
 - Level 2.6 Dodging
 * Level 3.9 Stealth


You had 3 spell levels left.
You didn't know any spells.

Dungeon Overview and Level Annotations

Branches:
Dungeon (2/15)

Altars:
Ashenzari
Yredelemnul


Innate Abilities, Weirdness & Mutations

You have sharp toenails.
A weak demonic guardian rushes to your aid.


Message History

The gnoll closely misses you.
The gnoll barely misses your shadow imp.
The gnoll misses you.
Your shadow imp barely misses the gnoll.
You barely miss the gnoll. Your kick misses the gnoll.
The gnoll is moderately wounded.
The gnoll barely misses your shadow imp.
The gnoll closely misses you.
The gnoll hits you from afar with a spear.
* * * LOW HITPOINT WARNING * * *
Your shadow imp hits the gnoll but does no damage.
You hit the gnoll but do no damage. You claw the gnoll, but do no damage.
The gnoll is moderately wounded.
The gnoll hits your shadow imp.
The gnoll hits you but does no damage. x2
You hit the gnoll but do no damage. You claw the gnoll.
The gnoll is heavily wounded.
Your shadow imp hits the gnoll.
The gnoll dies!
The gnoll hits you from afar with a spear!
You die...

*
#.....#.........#.#.###..
#)....#..######.....##..#
#...>.##.# #...####.## *
#
########.#######....#..#
* .. * #.##.......#....##
.., #....#####.###.... *
#.** ##.....# #.##..###
#.. #####.....###.##.##
*#..#5gg@5..(..##.##.####
#..†####..............#
##..# ########...[##..
#..# #..###### #..# ####
# ####


You could see 2 gnolls and 2 friendly shadow imps.

Vanquished Creatures
  An adder (D:2)
  An ooze (D:2)
  3 worms (D:2)
  3 dart slugs
  4 leopard geckos
  9 goblins
  7 hobgoblins
  2 ball pythons
  8 bats
  2 frilled lizards (D:2)
  5 kobolds
  5 rats
50 creatures vanquished.

Vanquished Creatures (collateral kills)
  A gnoll (D:2)
1 creature vanquished.

Grand Total: 51 creatures vanquished

Notes
Turn   | Place    | Note
-------+----------+-------------------------------------------
     0 | D:1      | sveltemanboy the Demonspawn Monk began the quest for the Orb.
     0 | D:1      | Reached XP level 1. HP: 18/18 MP: 1/1
   212 | D:1      | Gained mutation: You have sharp toenails. [demonic ancestry]
   212 | D:1      | Reached XP level 2. HP: 19/24 MP: 2/2
   745 | D:1      | Reached skill level 1 in Short Blades
  1157 | D:2      | Reached XP level 3. HP: 29/29 MP: 3/3
  1199 | D:2      | Found a shattered altar of Ashenzari.
  1225 | D:2      | Became a worshipper of Ashenzari the Shackled
  1225 | D:2      | Reached * piety under Ashenzari
  1225 | D:2      | Reached ** piety under Ashenzari
  1470 | D:2      | Found a basalt altar of Yredelemnul.
  1702 | D:2      | Gained mutation: A weak demonic guardian rushes to your aid. [demonic ancestry]
  1702 | D:2      | Reached XP level 4. HP: 31/35 MP: 4/4
  2231 | D:2      | HP: 1/35 [gnoll/spear (1)]
  2233 | D:2      | Mangled by a gnoll

Vault maps used:
D:1:      tarquinn_simple_flora_water_d
D:2:      cheibrodos_greedy_goblins, grunt_temple_overflow_opulence,
          lemuel_round_altar, yredelemnul_altar_generic

Skill      XL: |  1  2  3 |
---------------+----------+-----
Stealth        | 2 3 |  3.9
Short Blades   | 1 |  1.3
Fighting       | |  3.0
Axes           | |  2.9
Dodging        | |  2.6

Action                   |  1- 3 |  4- 6 || total
-------------------------+-------+-------++-------
Melee: Dagger            |   154 |    47 ||   201
       Hand axe          |     3 |       ||     3
       Kick              |    36 |     8 ||    44
 Stab: Sleeping          |     8 |       ||     8
       Distracted        |       |     2 ||     2
  Eat: Chunk             |     3 |     1 ||     4
Armor: Robe              |    29 |     5 ||    34
Dodge: Dodged            |    82 |    19 ||   101

Table legend:
 A = Spawn XP
 B = Non-spawn XP
 C = Spawn XP percentage of total XP
 D = Spawn monster count
 E = Non-spawn monster count
 F = Spawn count percentage of total count
 G = Total turns spent on level
                    A         B        C        D         E        F      G
               +---------+---------+-------+---------+---------+-------+---------
         Total |      25 |     101 |  19.8 |      10 |      41 |  19.6 |  2233
               +---------+---------+-------+---------+---------+-------+---------
           D:1 |       5 |      34 |  12.8 |       3 |      17 |  15.0 |  1156
           D:2 |      20 |      67 |  23.0 |       7 |      24 |  22.6 |  1077
               +---------+---------+-------+---------+---------+-------+---------
